 Dungeon Crawl Stone Soup version 0.21.1-1-g345015fe64 (webtiles) character file.

173 FreshCat the Ruffian (level 5, 0/46 HPs)
             Began as a Ghoul Monk on Apr 17, 2018.
             Killed from afar by an orc wizard (4 damage)
             ... with a magic dart
             ... on level 3 of the Dungeon.
             The game lasted 00:14:02 (1913 turns).

FreshCat the Ruffian (Ghoul Monk)                   Turns: 1913, Time: 00:14:03

Health: 0/46       AC:  5    Str: 16    XL:     5   Next: 53%
Magic:  4/4        EV:  8    Int:  5    God:
Gold:   130        SH: 10    Dex: 11    Spells: 4/4 levels left

rFire    . . .     SeeInvis .     - Unarmed
rCold    + . .     Gourm    .   f - +0 large shield
rNeg     + + +     Faith    .   h - +2 animal skin
rPois    ∞         Spirit   .   m - +0 helmet
rElec    .         Reflect  .   (no cloak)
rCorr    .         Harm     .   (no gloves)
MR       .....                  (no boots)
Stlth    ++........             (no amulet)
HPRegen  0.00/turn              (no ring)
MPRegen  0.09/turn              (no ring)

@: rotting
A: rotting body, claws 1, carnivore, cold resistance 1, negative energy
resistance 3, inhibited regeneration, torment resistance, unbreathing
a: no special abilities


You were on level 3 of the Dungeon.
You were not hungry.

You visited 1 branch of the dungeon, and saw 3 of its levels.

You collected 130 gold pieces.

Inventory:

Missiles
 g - 113 stones
 l - 3 javelins of penetration (quivered)
 r - 8 tomahawks
Armour
 f - a +0 large shield (worn)
 h - a +2 animal skin (worn)
 m - a +0 helmet (worn)
Wands
 e - a wand of flame (22)
Scrolls
 c - 2 scrolls of identify
 i - a scroll of amnesia
 p - a scroll of teleportation
 q - 2 scrolls of remove curse
Potions
 a - a potion of agility {unknown}
 d - a potion of magic
 j - 2 potions of heal wounds {unknown}
 k - a potion of haste {unknown}
 n - a potion of experience {unknown}
Comestibles
 b - 4 rations


   Skills:
 + Level 4.1 Fighting
 + Level 3.2 Dodging
 * Level 3.0 Stealth
 + Level 0.1 Shields
 + Level 5.4 Unarmed Combat


You had 4 spell levels left.
You didn't know any spells.

Dungeon Overview and Level Annotations

Branches:
Dungeon (3/15)

Altars:


Innate Abilities, Weirdness & Mutations

Your body is rotting away.
You thrive on raw meat.
You are immune to poison.
You have sharp fingernails.
You are carnivorous and can eat meat at any time.
Your flesh is cold resistant. (rC+)
You are immune to negative energy. (rN+++)
You do not regenerate when monsters are visible.
You are immune to unholy pain and torment.
You can survive without breathing.


Message History

You claw the orc priest!
The orc priest is severely wounded.
The orc priest hits you with a hand axe.
* * * LOW HITPOINT WARNING * * *
You closely miss the orc priest.
The orc priest is severely wounded.
You block the orc priest's attack.
You scratch the orc priest.
The orc priest is almost dead.
The orc priest hits you with a hand axe.
* * * LOW HITPOINT WARNING * * *
You claw the orc priest!
You kill the orc priest!
Your Stealth skill increases to level 3!
Something hits you but does no damage.
You miss something.
You hear some strange, mumbled words.
A magic dart appears from out of thin air!
The magic dart hits you!
You die...

#. .. .!# ... #.#
.#.. ..# ......###.#
P. ........#..#
#..#..###.#.#.######
#.#..........@)...#
..........#.####.#
######...### #..#
.........# #.##
#....#####.#
#..........#
##...#####.......
#...# #.#####. #...#
#.#


There were no monsters in sight!

Vanquished Creatures
  An orc priest (D:3)
  Robin (D:2)
  A gnoll (D:1)
  An adder (D:2)
  An ooze (D:1)
  A worm (D:2)
  3 dart slugs
  4 leopard geckos
  3 orcs (D:3)
  9 giant cockroaches
  15 goblins
  9 hobgoblins
  5 jackals (D:1)
  8 kobolds
  A quokka (D:2)
  10 bats
  4 frilled lizards
  8 rats
85 creatures vanquished.

Notes
Turn   | Place    | Note
-------+----------+-------------------------------------------
     0 | D:1      | FreshCat the Ghoul Monk began the quest for the Orb.
     0 | D:1      | Reached XP level 1. HP: 19/19 MP: 0/0
    34 | D:1      | Reached XP level 2. HP: 14/27 MP: 1/1
   197 | D:1      | Reached XP level 3. HP: 33/33 MP: 2/2
   405 | D:1      | Reached skill level 4 in Unarmed Combat
   634 | D:2      | Reached XP level 4. HP: 30/40 MP: 3/3
  1119 | D:2      | Noticed Robin
  1131 | D:2      | Killed Robin
  1233 | D:2      | Reached skill level 5 in Unarmed Combat
  1233 | D:2      | Reached XP level 5. HP: 28/46 MP: 4/4
  1913 | D:3      | Killed from afar by an orc wizard

Skill      XL: |  1  2  3  4  5 |
---------------+----------------+-----
Dodging        | 3 |  3.2
Unarmed Combat | 4 5 |  5.4
Fighting       | 4 |  4.1
Stealth        | 3 |  3.0
Shields        | |  0.1

Action                   |  1- 3 |  4- 6 || total
-------------------------+-------+-------++-------
Melee: Unarmed           |   138 |   161 ||   299
       Punch             |       |     2 ||     2
  Use: Scroll            |       |     9 ||     9
 Stab: Sleeping          |       |     6 ||     6
  Eat: Chunk             |    37 |    44 ||    81
Armor: Robe              |    33 |     8 ||    41
       Animal skin       |       |    19 ||    19
Dodge: Dodged            |   103 |    96 ||   199
Block: Large shield      |       |    21 ||    21
